 Dungeon Crawl Stone Soup version 0.24-a0-530-g18ba70b503 (webtiles) character file.

Game seed: 7807626485166742664

16872 Mithandil the Blocker (level 12, -3/103 HPs)
             Began as a Minotaur Fighter on Aug 9, 2019.
             Was an Elder of the Shining One.
             Slain by a demonic crawler (7 damage)
             ... on level 2 of the Lair of Beasts.
             The game lasted 01:13:03 (13498 turns).

Mithandil the Blocker (Minotaur Fighter)           Turns: 13498, Time: 01:13:04

Health: -3/103     AC: 16    Str: 24    XL:     12   Next: 13%
Magic:  17/17      EV: 16    Int:  5    God:    the Shining One [****..]
Gold:   172        SH: 22    Dex: 14    Spells: 19/19 levels left

rFire    . . .     SeeInvis .   L - +8 whip "Snakebite" {curare, rPois}
rCold    . . .     Gourm    .   F - +3 large shield
rNeg     + + .     Faith    .   T - +0 chain mail
rPois    +         Spirit   .   c - +2 hat
rElec    .         Reflect  .   B - +0 cloak
rCorr    .         Harm     .   P - +1 pair of gloves
MR       .....                  (no boots)
Stlth    ..........             (no amulet)
HPRegen  0.27/turn              k - +4 ring of evasion
MPRegen  0.15/turn              N - +3 ring of evasion

@: glowing
A: retaliatory headbutt, horns 2, talons 1, agile 1
a: Divine Shield, Cleansing Flame, Renounce Religion


You were on level 2 of the Lair of Beasts.
You worshipped the Shining One.
The Shining One was greatly pleased with you.
You were not hungry.

You visited 4 branches of the dungeon, and saw 15 of its levels.
You also visited: Sewer.

You collected 610 gold pieces.
You spent 438 gold pieces at shops.

Inventory:

Hand Weapons
 a - a +3 hand axe of venom
 b - a +2 spear of venom
 A - a +1 short sword of speed
 C - a +1 flail of freezing
 E - a +0 hand axe of freezing
 I - a +3 battleaxe
 J - a +3 morningstar
 K - a +2 spear
 L - the +8 whip "Snakebite" (weapon) {curare, rPois}
   (You found it on level 1 of the Lair of Beasts)

   It poisons the flesh of those it strikes.
   It protects you from poison.
 M - a +2 whip of electrocution
 O - a +3 dagger of freezing
Missiles
 d - 7 atropa-tipped darts
 i - 67 bolts
 j - 362 stones
 l - 4 boomerangs (quivered)
 n - 61 sling bullets
 o - 60 poisoned darts
 u - 96 arrows
 D - 4 silver boomerangs
Armour
 c - a +2 hat (worn)
 q - a +3 ring mail of cold resistance
 y - a +0 ring mail of cold resistance
 z - a +0 troll leather armour {Purgy}
 B - a +0 cloak (worn)
 F - a +3 large shield (worn)
 H - a +0 leather armour of positive energy
 P - a +1 pair of gloves (worn)
 R - +0 swamp dragon scales
 T - a +0 chain mail (worn)
Jewellery
 h - an uncursed ring of fire
 k - a +4 ring of evasion (left hand)
 N - a +3 ring of evasion (right hand)
Wands
 s - a wand of polymorph (5)
 G - a wand of flame (32)
Scrolls
 m - 12 scrolls of teleportation
 t - 3 scrolls of remove curse
 v - 5 scrolls of identify
 w - a scroll of amnesia
 x - a scroll of blinking
 S - 2 scrolls of fog
Potions
 e - 2 potions of cancellation
 p - 2 potions of agility
 r - 2 potions of curing
Comestibles
 f - 28 rations


   Skills:
 + Level 8.5 Fighting
 * Level 10.6(12.5) Axes
 * Level 11.1(12.7) Polearms
   Level 0.0 Crossbows
 + Level 8.5 Armour
 + Level 6.8 Dodging
 * Level 11.3 Shields
 - Level 4.0 Spellcasting


You had 19 spell levels left.
You didn't know any spells.
Your spell library was empty.

Dungeon Overview and Level Annotations

Branches:
Dungeon (10/15)            Temple (1/1) D:5            Lair (3/6) D:9
  Swamp (0/4) Lair:3       Spider (1/4) Lair:2
    Orc: D:9-12

Altars:
Ashenzari
Cheibriados
Dithmenos
Elyvilon
Fedhas
Gozag
Hepliaklqana
Kikubaaqudgha
Makhleb
Nemelex Xobeh
Okawaru
Qazlal
Ru
Sif Muna
Trog
Uskayaw
Vehumet
Wu Jian
Xom
Yredelemnul
Zin
The Shining One

Shops:
D:4 *   D:7 !   D:9 [

Annotations:
D:5 1 runed translucent door, hitsuchi's ghost, amateur VSAs


Innate Abilities, Weirdness & Mutations

You reflexively headbutt those who attack you in melee.
You have a pair of horns on your head.
You have sharp toenails.
You are agile. (Dex +2)


Message History

The tarantella misses you. The redback bites you.
* * * LOW HITPOINT WARNING * * *
The redback barely misses you. The wolf spider hits you!
* * * LOW HITPOINT WARNING * * *
You block the wolf spider's attack. The redback closely misses you.
The demonic crawler misses you. x3; The redback bites you!
* * * LOW HITPOINT WARNING * * *
You block the tarantella's attack.
The redback bites you but does no damage. x2
You completely miss the redback. You claw the redback.
You headbutt the redback!
The redback is heavily wounded.
You block the wolf spider's attack. The wolf spider barely misses you.
The redback completely misses you.
The tarantella bites you but does no damage.
The redback bites you.
* * * LOW HITPOINT WARNING * * *
The redback bites you but does no damage. x2
The demonic crawler hits you!
You die...

### ###### #..# #.###
#.##P## #..###
##..######....# ##...##
#.............## #.....#
##.^^..^.^^....###......
######.....^..^...P##.......
#.#.P...^^^^^^..^.....####.#
##.......^^sss^.^......# ###
#..####.^^^^@s.^.....###
#..# #.^..^sss........#
##.###..^^..^^^^^^.####
##.##..^...^^..^..P#
##.#............P## ###
#..#...^^^^....P# ##..
###..###.#####..## #... ##
##..#### #....######..# .##
#....# #..###.#.#..##


You could see a demonic crawler, a wolf spider, a tarantella and 4 redbacks.

Vanquished Creatures
  Gastronok (D:8)
  A hydra (Lair:1)
  3 death yaks
  Pikel (D:8)
  A swamp dragon (Lair:3)
  6 black mambas
  Joseph (D:8)
  3 spiny frogs
  A queen bee (D:8)
  2 jumping spiders (Spider:1)
  A hippogriff (D:7)
  A tarantella (Spider:1)
  A vampire (D:9)
  10 yaks
  A basilisk (Lair:1)
  5 water moccasins (Lair:1)
  Purgy (Sewer)
  A slave (D:8)
  A sky beast (D:9)
  An orc warrior (D:9)
  2 ice beasts
  4 phantoms
  5 ogres
  A centaur (D:9)
  10 wolves
  4 crocodiles
  A big kobold (D:9)
  5 bullfrogs
  2 scorpions
  15 killer bees (D:8)
  8 wights
  5 howler monkeys
  4 crimson imps
  A centaur zombie (D:9)
  A quasit (D:9)
  3 hounds
  A jelly (D:8)
  7 orc wizards
  7 orc priests
  A gnoll shaman (D:7)
  A bullfrog skeleton (D:4)
  A centaur skeleton (D:5)
  6 iguanas
  7 worker ants
  3 hound skeletons
  A worker ant zombie (D:6)
  A howler monkey zombie (D:6)
  3 gnolls (D:7)
  13 adders
  A shadow imp (D:6)
  3 oozes
  An adder zombie (D:8)
  3 worms
  A dart slug (D:1)
  3 leopard geckos
  23 orcs
  12 bats
  9 giant cockroaches
  10 hobgoblins
  14 jackals
  3 quokkas
  2 ball pythons
  3 frilled lizards
  7 goblins
  17 kobolds
  A leopard gecko zombie (D:6)
  9 rats
288 creatures vanquished.

Vanquished Creatures (others)
  3 toadstools (D:10)
3 creatures vanquished.

Grand Total: 291 creatures vanquished

Notes
Turn   | Place    | Note
-------+----------+-------------------------------------------
     0 | D:1      | Mithandil the Minotaur Fighter began the quest for the Orb.
     0 | D:1      | Reached XP level 1. HP: 19/19 MP: 0/0
   632 | D:1      | Reached XP level 2. HP: 27/27 MP: 1/1
  1445 | D:2      | Found a hide-covered altar of Uskayaw.
  1447 | D:2      | Reached XP level 3. HP: 33/33 MP: 2/2
  1478 | D:2      | Reached skill level 1 in Axes
  1504 | D:2      | Found a blossoming altar of Fedhas.
  2002 | D:2      | Found a snail-covered altar of Cheibriados.
  2111 | D:2      | Found a radiant altar of Vehumet.
  2288 | D:3      | Reached XP level 4. HP: 39/40 MP: 3/3
  2444 | D:3      | Reached skill level 1 in Dodging
  3216 | D:4      | Reached XP level 5. HP: 36/46 MP: 5/5
  3316 | D:5      | Entered Level 5 of the Dungeon
  3323 | D:5      | Noticed an ogre
  3329 | D:5      | Killed an ogre
  3329 | D:5      | Reached skill level 1 in Spellcasting
  3433 | D:5      | Found a glowing drain.
  3452 | D:5      | Reached XP level 6. HP: 51/52 MP: 6/6
  3465 | Sewer    | Entered a sewer
  3499 | Sewer    | Noticed Purgy
  3505 | Sewer    | Killed Purgy
  3505 | Sewer    | Reached skill level 5 in Shields
  3808 | D:4      | Found Yperhuf's Mass Market.
  3856 | D:4      | Bought a +2 large shield for 181 gold pieces
  4303 | D:4      | Reached XP level 7. HP: 53/60 MP: 7/7
  4445 | D:5      | Found a runed translucent door.
  4445 | D:5      | Noticed hitsuchi's ghost (amateur VSAs)
  4486 | D:5      | Found a sacrificial altar of Ru.
  4781 | D:5      | Found a staircase to the Ecumenical Temple.
  4788 | Temple   | Entered the Ecumenical Temple
  4822 | Temple   | Became a worshipper of the Shining One
  5039 | D:5      | Reached skill level 5 in Polearms
  5113 | D:5      | Found a glowing silver altar of Zin.
  5461 | D:6      | Gained mutation: You are agile. (Dex +2) [potion of
                  | mutation]
  5461 | D:6      | Gained mutation: You have sharp toenails. [potion of
                  | mutation]
  5491 | D:6      | Reached skill level 5 in Fighting
  5491 | D:6      | Reached skill level 5 in Armour
  5493 | D:6      | Reached XP level 8. HP: 53/68 MP: 9/9
  5880 | D:6      | Reached skill level 5 in Axes
  6119 | D:6      | Found a shattered altar of Ashenzari.
  6160 | D:6      | Reached * piety under the Shining One
  6600 | D:7      | Found Zadash's Distillery.
  6606 | D:7      | Bought a potion of heal wounds for 70 gold pieces
  6785 | D:7      | Found an opulent altar of Gozag.
  6804 | D:7      | Noticed a hippogriff
  6810 | D:7      | Killed a hippogriff
  7134 | D:7      | Found a glowing golden altar of the Shining One.
  7451 | D:8      | Reached XP level 9. HP: 75/75 MP: 11/11
  7487 | D:8      | Noticed a queen bee
  7502 | D:8      | Noticed Joseph
  7503 | D:8      | Killed a queen bee
  7526 | D:8      | Killed Joseph
  7638 | D:9      | Reached ** piety under the Shining One
  7990 | D:8      | Noticed Gastronok
  8015 | D:8      | The Shining One protects you from harm!
  8031 | D:8      | Killed Gastronok
  8031 | D:8      | Reached skill level 5 in Dodging
  8031 | D:8      | Reached XP level 10. HP: 35/84 MP: 13/13
  8117 | D:8      | Found an ornate altar of the Wu Jian Council.
  8337 | D:8      | Noticed Pikel
  8338 | D:8      | Found a burning altar of Makhleb.
  8338 | D:8      | Found a hazy altar of Hepliaklqana.
  8363 | D:8      | Killed Pikel
  9062 | D:9      | Found a staircase to the Lair.
  9349 | D:9      | Found Orpheffe's Antique Armour Shop.
  9358 | D:10     | Entered Level 10 of the Dungeon
  9393 | D:9      | Reached *** piety under the Shining One
  9697 | D:9      | Bought a pair of glowing gloves for 187 gold pieces
  9829 | D:9      | Reached XP level 11. HP: 92/92 MP: 15/15
  9972 | D:10     | Noticed a two-headed ogre
 10438 | Lair:1   | Entered Level 1 of the Lair of Beasts
 10443 | Lair:1   | Reached skill level 10 in Shields
 10536 | Lair:1   | Found a gate leading to a gauntlet.
 10556 | Lair:1   | Noticed a seven-headed hydra
 10565 | Lair:1   | Killed a seven-headed hydra
 10934 | Lair:1   | Reached skill level 10 in Polearms
 11328 | Lair:1   | Found the +8 whip "Snakebite" {curare, rPois}
 11654 | Lair:2   | Reached skill level 10 in Axes
 11803 | Lair:2   | Found a hole to the Spider Nest.
 12906 | Lair:3   | Noticed a death yak
 12906 | Lair:3   | Noticed a death yak
 12906 | Lair:3   | Noticed a death yak
 12924 | Lair:3   | Killed a death yak
 12926 | Lair:3   | Killed a death yak
 12937 | Lair:2   | Killed a death yak
 13039 | Lair:3   | Reached XP level 12. HP: 103/103 MP: 17/17
 13061 | Lair:3   | Found a staircase to the Swamp.
 13093 | Lair:3   | HP: 5/103 [poisoned by a spiny frog]
 13099 | Lair:3   | HP: 4/103 [poisoned by a spiny frog]
 13105 | Lair:3   | HP: 4/103 [poisoned by a spiny frog]
 13113 | Lair:3   | HP: 4/103 [poisoned by a spiny frog]
 13485 | Spider:1 | Entered Level 1 of the Spider Nest
 13485 | Spider:1 | Reached **** piety under the Shining One
 13493 | Spider:1 | Noticed an entropy weaver
 13498 | Lair:2   | HP: 4/103 [redback (5)]
 13498 | Lair:2   | Slain by a demonic crawler

Levels and vault maps discovered:
D:1:      dpeg_arrival_connections, layout_basic
D:2:      layout_rooms, eat_drink_and_be_merry_uskayaw,
          chequers_temple_overflow_statue_of_worship, fedhas_altar_2
D:3:      layout_basic, bh_walls_and_bars
D:4:      layout_gridville, minmay_shop_mass, due_unseen_surprise
D:5:      layout_gridville, nicolae_ru_great_annihilating_truth, zin_academy,
          minmay_temple_entry_waves, gammafunk_ghost_grave,
          gup_sewer_entry_glass, first_ration
D:6:      layout_cave_pods, overflow_temple_1_default
D:7:      layout_loops_cross, lemuel_round_altar, serial_shops,
          nicolae_shop_behind_doors, basic_altar
D:8:      layout_loops_ring, lemuel_crystal_altar,
          gammafunk_temple_overflow_wave, david_nohive_1, uniq_gastronok,
          uniq_pikel, uniq_joseph
D:9:      layout_gridville, lair_entry_dummy, serial_shops,
          nicolae_shop_overgrown_old_shop
D:10:     layout_cave_pools, enter_bailey_2, serial_shops, shop,
          minmay_misc_feat_alley, minmay_gold_behind_fungi, uniq_nergalle
Temple:   hc_temple_tempest_star
Lair:1:   minmay_guarded_unrand_snakebite, layout_cave_pods,
          gauntlet_entry_generic, chequers_serial_rivers_micro_a
Lair:2:   layout_layer_cave, spider_nest_entry_web_field
Lair:3:   layout_regular_city, minmay_swamp_entry_reptiles, grunt_megastairs_1,
          serial_bayou_shore_b
Spider:1: layout_spider_delve

Skill      XL: |  1  2  3  4  5  6  7  8  9 10 11 12 |
---------------+-------------------------------------+-----
Polearms       | 3 4 5 6 8 9 10 11 | 11.1
Shields        | 4 5 6 7 9 11 | 11.3
Axes           | 1 2 3 4 6 8 9 10 | 10.6
Dodging        | 1 2 3 5 6 |  6.8
Fighting       | 4 5 6 7 8 |  8.5
Armour         | 4 5 6 7 8 |  8.5
Spellcasting   | 1 2 3 4 |  4.0

Action                   |  1- 3 |  4- 6 |  7- 9 | 10-12 || total
-------------------------+-------+-------+-------+-------++-------
Melee: Whip              |    92 |       |       |    11 ||   103
       Headbutt          |    13 |    24 |    52 |    76 ||   165
       Hand axe          |    66 |   107 |   146 |   323 ||   642
       Spear             |       |     1 |       |       ||     1
       Morningstar       |       |       |    89 |       ||    89
       Kick              |       |       |    59 |   123 ||   182
       Short sword       |       |       |       |     4 ||     4
Throw: Dart              |       |       |     3 |       ||     3
       Boomerang         |       |       |     2 |       ||     2
  Use: Scroll            |     6 |     1 |    11 |     6 ||    24
       Potion            |     1 |       |    12 |     7 ||    20
 Stab: Paralysed         |       |       |     1 |       ||     1
  Eat: Chunk             |     4 |     7 |     8 |    14 ||    33
       Ration            |       |       |     1 |     2 ||     3
Armor: Scale mail        |    68 |    47 |    57 |    27 ||   199
       Chain mail        |       |       |       |    30 ||    30
Dodge: Dodged            |    62 |    26 |    88 |   128 ||   304
Block: Shield            |    75 |    69 |    26 |       ||   170
       Large shield      |       |       |   233 |   350 ||   583

Table legend:
 A = Non-vault XP
 B = Vault XP
 C = Vault XP percentage of total XP
 D = Non-vault monster count
 E = Vault monster count
 F = Vault count percentage of total count
                 A         B        C        D         E       F
            +---------+---------+-------+---------+---------+-------
      Total |   15422 |    8681 |  36.0 |     237 |      50 |  17.4
            +---------+---------+-------+---------+---------+-------
        D:1 |      40 |       0 |   0.0 |      25 |       0 |   0.0
        D:2 |      41 |       0 |   0.0 |      18 |       0 |   0.0
        D:3 |      62 |       0 |   0.0 |      24 |       0 |   0.0
        D:4 |     361 |       0 |   0.0 |      17 |       0 |   0.0
        D:5 |     280 |      76 |  21.3 |       7 |       7 |  50.0
        D:6 |     916 |       0 |   0.0 |      25 |       0 |   0.0
        D:7 |     843 |       0 |   0.0 |      17 |       0 |   0.0
        D:8 |    1033 |    4679 |  81.9 |      30 |      19 |  38.8
        D:9 |    3040 |       0 |   0.0 |      42 |       0 |   0.0
       D:10 |      42 |       0 |   0.0 |       1 |       0 |   0.0
     Lair:1 |    3018 |    2952 |  49.4 |      10 |      14 |  58.3
     Lair:2 |    2277 |     112 |   4.7 |      11 |       1 |   8.3
     Lair:3 |    2648 |     719 |  21.4 |       7 |       3 |  30.0
   Spider:1 |     821 |       0 |   0.0 |       3 |       0 |   0.0
      Sewer |       0 |     143 | 100.0 |       0 |       6 | 100.0
            +---------+---------+-------+---------+---------+-------
